Calgary Flames vs Chicago Black Hawks
(R1)
Created - Saturday, May 17, 2025 at 08:42
Goals
|
| Calgary Flames |
2 |
1 |
0 |
3 |
| Chicago Black Hawks |
2 |
2 |
0 |
4 |
|
Shots
|
| Calgary Flames |
13 |
12 |
6 |
31 |
| Chicago Black Hawks |
10 |
19 |
11 |
40 |
|
1st period
1. Chicago Black Hawks , Cole Sillinger 27 (Simon Nemec 13) at 3:14
2. Chicago Black Hawks , Colton Sissons 25 (Claude Giroux 35, Lucas Raymond 41) at 4:13
3. Calgary Flames , J.T. Miller 29 (Jeremy Lauzon 14, Matthew Tkachuk 42) at 13:53
4. Calgary Flames , Zach Hyman 28 (Sebastian Aho 56, Joel Eriksson Ek 20) at 17:02
Penalties :
Joel Eriksson Ek (CGY) for Holding (Minor) at 4:30
2nd period
5. Calgary Flames , Chris Kreider 26 (Jake Middleton 6, Ilya Sorokin) at 6:30
6. Chicago Black Hawks , Leo Carlsson 25 (Trevor Zegras 27, Cole Sillinger 39) at 7:33 (PP)
7. Chicago Black Hawks , Lucas Raymond 21 (Claude Giroux 36) at 7:51
Penalties :
Zach Hyman (CGY) for Interference (Minor) at 0:22, J.T. Miller (CGY) for Holding (Minor) at 7:28, Justin Faulk (CHI) for Fighting (Major) at 8:03, Jeremy Lauzon (CGY) for Fighting (Major) at 8:03, Cole Sillinger (CHI) for Interference (Minor) at 8:48, Vincent Desharnais (CHI) for Tripping (Minor) at 9:12, Cole Sillinger (CHI) for Tripping (Minor) at 13:02
3rd period
No Goal
Penalties :
Cole Sillinger (CHI) for High sticking (Minor) at 4:05, Trevor Zegras (CHI) for Delaying the game (Minor) at 7:56, J.T. Miller (CGY) for Roughing (Minor) at 12:19
Goalie Stats
Ilya Sorokin (CGY), 36 saves from 40 shots - (0.900), L, 38-19-4, 59:40 minutes
Alexandar Georgiev (CHI), 28 saves from 31 shots - (0.903), W, 16-19-1, 60:00 minutes
Players Stats for Calgary Flames
Player Name G A P +/- PIM S H SB GA TA FO MP PP MP PK MP
------------------------------------------------------------------------------------
Bo Horvat 0 0 0 -1 0 1 0 0 0 0 5/8 11:23 0:00 0:00
Cale Makar 0 0 0 -2 0 2 0 1 0 0 0/0 23:25 4:17 2:53
Chris Kreider 1 0 1 1 0 7 1 0 1 1 0/1 20:49 4:10 3:11
Drew Doughty 0 0 0 -2 0 1 3 6 0 1 0/0 22:57 4:05 2:53
Filip Hronek 0 0 0 1 0 1 1 0 0 0 0/0 16:43 1:14 0:00
J.T. Miller 1 0 1 1 4 3 1 0 0 0 9/22 18:57 4:10 1:55
Jake Middleton 0 1 1 1 0 1 2 1 0 1 0/0 14:29 0:00 0:00
Jeremy Lauzon 0 1 1 1 5 0 3 0 0 0 0/0 19:34 2:49 3:09
Joel Eriksson Ek 0 1 1 1 2 2 1 1 1 1 0/1 14:54 0:00 1:39
Kris Letang 0 0 0 1 0 1 0 0 0 1 0/0 22:51 4:15 3:09
Mathieu Joseph 0 0 0 -1 0 1 1 1 1 0 0/0 7:02 0:00 0:00
Matthew Tkachuk 0 1 1 1 0 0 1 0 0 0 0/2 16:30 4:10 0:00
Nic Dowd 0 0 0 -1 0 0 3 0 0 0 0/0 8:27 0:00 0:00
Nicholas Paul 0 0 0 -1 0 3 1 0 0 0 3/5 9:34 0:00 1:31
Oliver Bjorkstrand 0 0 0 -1 0 1 1 0 0 0 0/1 11:16 0:00 0:00
Pavel Zacha 0 0 0 -1 0 2 2 0 0 1 0/2 17:12 4:10 0:51
Sebastian Aho 0 1 1 1 0 2 1 0 1 0 14/22 20:16 4:10 2:57
Zach Hyman 1 0 1 1 2 3 0 0 0 0 0/0 17:34 4:10 0:00
Players Stats for Chicago Black Hawks
Player Name G A P +/- PIM S H SB GA TA FO MP PP MP PK MP
------------------------------------------------------------------------------------
Barrett Hayton 0 0 0 -1 0 3 0 0 1 0 0/0 14:50 0:00 1:59
Bobby Brink 0 0 0 -1 0 3 1 2 0 0 0/1 11:59 0:00 0:00
Caleb Jones 0 0 0 -3 0 2 1 0 0 0 0/0 14:57 0:00 0:33
Claude Giroux 0 2 2 2 0 8 0 0 0 0 12/22 23:57 3:20 3:44
Cole Sillinger 1 1 2 -1 6 3 4 0 1 1 12/21 17:27 2:42 1:13
Colton Sissons 1 0 1 2 0 1 0 1 0 1 2/2 19:40 3:20 3:25
David Jiricek 0 0 0 -3 0 2 0 1 0 0 0/0 14:41 0:00 1:34
Jack Drury 0 0 0 0 0 1 0 0 0 0 1/4 7:09 0:00 0:00
Jakob Pelletier 0 0 0 0 0 0 0 0 0 0 0/0 3:27 0:00 0:00
Joseph Veleno 0 0 0 -1 0 1 0 0 0 0 5/12 12:32 0:00 0:05
Justin Faulk 0 0 0 3 5 1 2 2 1 0 0/0 23:19 3:25 3:08
Leo Carlsson 1 0 1 -1 0 2 2 1 0 0 0/0 15:26 2:42 0:00
Lucas Raymond 1 1 2 2 0 1 0 3 2 0 0/0 20:37 3:20 4:04
Noah Cates 0 0 0 0 0 0 1 0 0 1 1/2 6:44 0:00 0:00
Simon Nemec 0 1 1 3 0 4 0 0 0 0 0/0 26:08 3:25 4:15
Trevor Zegras 0 1 1 -1 2 6 1 1 1 0 0/0 16:08 2:42 0:35
Urho Vaakanainen 0 0 0 0 0 0 2 1 0 0 0/0 21:13 2:37 4:09
Vincent Desharnais 0 0 0 0 2 2 0 0 0 1 0/0 19:45 2:37 3:00
3 Stars
1 - Lucas Raymond (CHI)
2 - Colton Sissons (CHI)
3 - Claude Giroux (CHI)
Power Play
Calgary Flames - 0 on 5 Attempt(s) - 0.00%
Chicago Black Hawks - 1 on 4 Attempt(s) - 25.00%
Penalty Kill
Calgary Flames - 3 on 4 Attempt(s) - 75.00%
- Score 0 goal in Penalty Kill
Chicago Black Hawks - 5 on 5 Attempt(s) - 100.00%
- Score 0 goal in Penalty Kill
Team Stat
Calgary Flames - Hits : 22 - Faceoff Wins : 31 - Blocked Shots : 10 - Penalty Minutes : 13
Chicago Black Hawks - Hits : 14 - Faceoff Wins : 33 - Blocked Shots : 12 - Penalty Minutes : 15
Official
Referees : Mitch Dunning and Trevor Hanson
Linesman : Ben O'Quinn and Justin Johnson
Game Notes
Justin Faulk beats up Jeremy Lauzon at 8:03 of 2nd period
Finance
Level 1 -- Attendance: 4396 (73.27%) -- Ticket Income $439,600
Level 2 -- Attendance: 3568 (71.36%) -- Ticket Income $214,080
Level 3 -- Attendance: 2395 (79.83%) -- Ticket Income $83,825
Level 4 -- Attendance: 3820 (76.40%) -- Ticket Income $95,500
Luxury Box -- Attendance: 829 (82.90%) -- Ticket Income $165,800
Game was played at the United Center.
Total Attendance: 15008 (75.04%)
Total Ticket Income: $998,805
Other Income: $349,582
Total Income: $1,348,387
Calgary Flames
5 vs 5 Forward
Center Left Wing Right Wing Time % Phy DF OF
1 J.T. Miller Chris Kreider Matthew Tkachuk 30 0 3 2
2 Sebastian Aho Joel Eriksson Ek Zach Hyman 30 0 3 2
3 Bo Horvat Pavel Zacha Oliver Bjorkstrand 25 0 2 3
4 Nicholas Paul Nic Dowd Mathieu Joseph 15 1 2 2
5 vs 5 Defense
Defense Defense Time % Phy DF OF
1 Drew Doughty Cale Makar 35 0 2 3
2 Kris Letang Jeremy Lauzon 35 0 2 3
3 Filip Hronek Jake Middleton 30 1 2 2
4 Drew Doughty Cale Makar 0 1 2 2
PowerPlay Forward
Center Left Wing Right Wing Time % Phy DF OF
1 J.T. Miller Chris Kreider Matthew Tkachuk 50 1 2 2
2 Sebastian Aho Pavel Zacha Zach Hyman 50 1 2 2
PowerPlay Defense
Defense Defense Time % Phy DF OF
1 Drew Doughty Cale Makar 50 1 2 2
2 Kris Letang Jeremy Lauzon 50 1 2 2
Penalty Kill 4 Players Forward
Center Wing Time % Phy DF OF
1 J.T. Miller Chris Kreider 50 1 2 2
2 Sebastian Aho Joel Eriksson Ek 50 1 2 2
Penalty Kill 4 Players Defense
Defense Defense Time % Phy DF OF
1 Drew Doughty Cale Makar 50 1 2 2
2 Kris Letang Jeremy Lauzon 50 1 2 2
Penalty Kill - 3 Players Forward
Forward Time % Phy DF OF
1 J.T. Miller 50 1 2 2
2 Chris Kreider 50 1 2 2
Penalty Kill - 3 Players Defense
Defense Defense Time % Phy DF OF
1 Drew Doughty Cale Makar 50 1 2 2
2 Kris Letang Jeremy Lauzon 50 1 2 2
4 vs 4 Forward
Center Wing Time % Phy DF OF
1 J.T. Miller Chris Kreider 50 1 2 2
2 Sebastian Aho Joel Eriksson Ek 50 1 2 2
4 vs 4 Defense
Defense Defense Time % Phy DF OF
1 Drew Doughty Cale Makar 50 1 2 2
2 Kris Letang Jeremy Lauzon 50 1 2 2
Last Minutes Offensive
Center Left Wing Right Wing Defense Defense
J.T. Miller Chris Kreider Matthew Tkachuk Drew Doughty Cale Makar
Last Minutes Defensive
Center Left Wing Right Wing Defense Defense
J.T. Miller Chris Kreider Matthew Tkachuk Drew Doughty Cale Makar
Goaltenders
Starting : Ilya Sorokin
Backup : Samuel Montembeault
Extra Forwards
Normal : Nic Dowd, Bo Horvat, Nicholas Paul - PP : Nic Dowd, Bo Horvat - PK : Nicholas Paul
Extra Defensemen
Normal : Filip Hronek, Jake Middleton, Kris Letang - PP : Filip Hronek - PK : Jake Middleton, Kris Letang
Penalty Shots
J.T. Miller, Chris Kreider, Sebastian Aho, Joel Eriksson Ek, Bo Horvat
Scratches
None
Chicago Black Hawks
5 vs 5 Forward
Center Left Wing Right Wing Time % Phy DF OF
1 Claude Giroux Lucas Raymond Colton Sissons 30 1 2 2
2 Cole Sillinger Trevor Zegras Leo Carlsson 30 1 2 2
3 Joseph Veleno Barrett Hayton Bobby Brink 25 1 2 2
4 Jack Drury Noah Cates Claude Giroux 15 1 2 2
5 vs 5 Defense
Defense Defense Time % Phy DF OF
1 Justin Faulk Simon Nemec 30 1 2 2
2 Urho Vaakanainen Vincent Desharnais 30 1 2 2
3 Caleb Jones David Jiricek 25 1 2 2
4 Justin Faulk Simon Nemec 15 1 2 2
PowerPlay Forward
Center Left Wing Right Wing Time % Phy DF OF
1 Claude Giroux Lucas Raymond Colton Sissons 50 1 2 2
2 Cole Sillinger Trevor Zegras Leo Carlsson 50 1 2 2
PowerPlay Defense
Defense Defense Time % Phy DF OF
1 Justin Faulk Simon Nemec 50 1 2 2
2 Urho Vaakanainen Vincent Desharnais 50 1 2 2
Penalty Kill 4 Players Forward
Center Wing Time % Phy DF OF
1 Claude Giroux Lucas Raymond 50 1 2 2
2 Colton Sissons Cole Sillinger 50 1 2 2
Penalty Kill 4 Players Defense
Defense Defense Time % Phy DF OF
1 Justin Faulk Simon Nemec 50 1 2 2
2 Urho Vaakanainen Vincent Desharnais 50 1 2 2
Penalty Kill - 3 Players Forward
Forward Time % Phy DF OF
1 Claude Giroux 50 1 2 2
2 Lucas Raymond 50 1 2 2
Penalty Kill - 3 Players Defense
Defense Defense Time % Phy DF OF
1 Justin Faulk Simon Nemec 50 1 2 2
2 Urho Vaakanainen Vincent Desharnais 50 1 2 2
4 vs 4 Forward
Center Wing Time % Phy DF OF
1 Claude Giroux Lucas Raymond 50 1 2 2
2 Colton Sissons Cole Sillinger 50 1 2 2
4 vs 4 Defense
Defense Defense Time % Phy DF OF
1 Justin Faulk Simon Nemec 50 1 2 2
2 Urho Vaakanainen Vincent Desharnais 50 1 2 2
Last Minutes Offensive
Center Left Wing Right Wing Defense Defense
Claude Giroux Lucas Raymond Colton Sissons Justin Faulk Simon Nemec
Last Minutes Defensive
Center Left Wing Right Wing Defense Defense
Claude Giroux Lucas Raymond Colton Sissons Justin Faulk Simon Nemec
Goaltenders
Starting : Alexandar Georgiev
Backup : Adin Hill
Extra Forwards
Normal : Jakob Pelletier, Joseph Veleno, Barrett Hayton - PP : Jakob Pelletier, Joseph Veleno - PK : Barrett Hayton
Extra Defensemen
Normal : Caleb Jones, David Jiricek, Urho Vaakanainen - PP : Caleb Jones - PK : David Jiricek, Urho Vaakanainen
Penalty Shots
Claude Giroux, Lucas Raymond, Colton Sissons, Cole Sillinger, Trevor Zegras
Scratches
Brett Howden (Healthy), Jon Merrill (Healthy), Shane Wright (Healthy), Antonio Stranges (Healthy), Filip Gustavsson (Healthy)
% Time on Ice - Calgary Flames
Lines # - Real PCT - Wanted PCT - Time Play
Normal Forward
1 - 27% - 30% - 11:53
2 - 35% - 30% - 15:24
3 - 23% - 25% - 10:09
4 - 16% - 15% - 7:02
Normal Defense
1 - 35% - 35% - 15:30
2 - 33% - 35% - 14:32
3 - 32% - 30% - 14:12
4 - 1% - 0% - 0:14
PP Forward
1 - 50% - 50% - 4:10
2 - 50% - 50% - 4:10
PP Defense
1 - 49% - 50% - 4:05
2 - 51% - 50% - 4:15
PK Forward
1 - 53% - 50% - 3:13
2 - 47% - 50% - 2:49
PK Defense
1 - 48% - 50% - 2:53
2 - 52% - 50% - 3:09
PK3 Forward
1 - 0% - 50%
2 - 0% - 50%
PK3 Defense
1 - 0% - 50%
2 - 0% - 50%
44 Forward
1 - 0% - 50%
2 - 0% - 50%
44 Defense
1 - 0% - 50%
2 - 0% - 50%
Last Minute Offensive - 1:10
Last Minute Defensive - 0:00
Total
Forward - 60:00
Defense - 60:00
|
% Time on Ice - Chicago Black Hawks
Lines # - Real PCT - Wanted PCT - Time Play
Normal Forward
1 - 24% - 30% - 10:52
2 - 36% - 30% - 15:59
3 - 25% - 25% - 11:07
4 - 14% - 15% - 6:25
Normal Defense
1 - 31% - 30% - 13:48
2 - 32% - 30% - 14:03
3 - 27% - 25% - 11:52
4 - 11% - 15% - 4:40
PP Forward
1 - 55% - 50% - 3:20
2 - 45% - 50% - 2:42
PP Defense
1 - 57% - 50% - 3:25
2 - 43% - 50% - 2:37
PK Forward
1 - 44% - 50% - 2:58
2 - 56% - 50% - 3:47
PK Defense
1 - 50% - 50% - 3:24
2 - 50% - 50% - 3:21
PK3 Forward
1 - 48% - 50% - 0:46
2 - 52% - 50% - 0:49
PK3 Defense
1 - 54% - 50% - 0:51
2 - 46% - 50% - 0:44
44 Forward
1 - 0% - 50%
2 - 0% - 50%
44 Defense
1 - 0% - 50%
2 - 0% - 50%
Last Minute Offensive - 0:00
Last Minute Defensive - 1:15
Total
Forward - 60:00
Defense - 60:00
|
Play-by-Play
1st period
0:01 of 1st period - Claude Giroux wins face-off versus J.T. Miller in neutral zone.
0:59 of 1st period - Off-side.
1:00 of 1st period - Nicholas Paul wins face-off versus Jack Drury in neutral zone.
1:55 of 1st period - Snap shot by Trevor Zegras.
1:55 of 1st period - Stopped by Ilya Sorokin with a rebound.
2:38 of 1st period - Wrist shot by Claude Giroux.
2:38 of 1st period - Stopped by Ilya Sorokin with a rebound.
2:40 of 1st period - Slapshot by Barrett Hayton.
2:40 of 1st period - Stopped by Ilya Sorokin without a rebound.
2:41 of 1st period - Joseph Veleno wins face-off versus Bo Horvat in Calgary Flames zone.
3:14 of 1st period - Wrist shot by Cole Sillinger.
3:14 of 1st period - Goal by Cole Sillinger - Calgary Flames : 0 - Chicago Black Hawks : 1.
3:15 of 1st period - Claude Giroux wins face-off versus J.T. Miller in neutral zone.
4:09 of 1st period - Slapshot by Lucas Raymond.
4:09 of 1st period - Shot Misses the Net.
4:11 of 1st period - Slapshot by Claude Giroux.
4:11 of 1st period - Stopped by Ilya Sorokin with a rebound.
4:13 of 1st period - Snap shot by Colton Sissons.
4:13 of 1st period - Goal by Colton Sissons - Calgary Flames : 0 - Chicago Black Hawks : 2.
4:14 of 1st period - Sebastian Aho wins face-off versus Cole Sillinger in neutral zone.
4:23 of 1st period - Snap shot by Trevor Zegras.
4:23 of 1st period - Stopped by Ilya Sorokin with a rebound.
4:25 of 1st period - Slapshot by Vincent Desharnais.
4:25 of 1st period - Stopped by Ilya Sorokin without a rebound.
4:26 of 1st period - Cole Sillinger wins face-off versus Sebastian Aho in Calgary Flames zone.
4:27 of 1st period - Snap shot by Trevor Zegras.
4:27 of 1st period - Stopped by Ilya Sorokin without a rebound.
4:28 of 1st period - Sebastian Aho wins face-off versus Cole Sillinger in Calgary Flames zone.
4:30 of 1st period - Minor Penalty to Joel Eriksson Ek for Holding.
4:31 of 1st period - J.T. Miller wins face-off versus Claude Giroux in Calgary Flames zone.
5:41 of 1st period - Chris Kreider is hit by Urho Vaakanainen and loses puck.
6:30 of 1st period - Penalty to Joel Eriksson Ek is over, Joel Eriksson Ek is back on ice.
6:45 of 1st period - Snap shot by Nicholas Paul.
6:45 of 1st period - Shot Misses the Net.
7:38 of 1st period - Barrett Hayton is hit by Nic Dowd.
7:52 of 1st period - Slapshot by Joel Eriksson Ek.
7:52 of 1st period - Stopped by Alexandar Georgiev with a rebound.
8:26 of 1st period - Cole Sillinger is hit by Nic Dowd and loses puck.
8:43 of 1st period - Wrist shot by Sebastian Aho.
8:43 of 1st period - Shot Misses the Net.
8:45 of 1st period - Slapshot by Joel Eriksson Ek.
8:45 of 1st period - Shot Misses the Net.
8:55 of 1st period - Chris Kreider is hit by Caleb Jones and loses puck.
9:11 of 1st period - Jake Middleton is hit by Justin Faulk and loses puck.
9:33 of 1st period - Leo Carlsson is hit by Mathieu Joseph.
10:30 of 1st period - Justin Faulk is hit by Nic Dowd and loses puck.
10:51 of 1st period - Off-side.
10:52 of 1st period - Joseph Veleno wins face-off versus J.T. Miller in neutral zone.
11:03 of 1st period - Wrist shot by Matthew Tkachuk.
11:03 of 1st period - Shot Blocked by Bobby Brink.
12:04 of 1st period - Wrist shot by Nicholas Paul.
12:04 of 1st period - Shot Misses the Net.
12:06 of 1st period - Snap shot by Mathieu Joseph.
12:06 of 1st period - Stopped by Alexandar Georgiev without a rebound.
12:07 of 1st period - Joseph Veleno wins face-off versus J.T. Miller in Chicago Black Hawks zone.
12:12 of 1st period - Wrist shot by Bobby Brink.
12:12 of 1st period - Shot Misses the Net.
12:18 of 1st period - Snap shot by Chris Kreider.
12:18 of 1st period - Shot Misses the Net.
12:26 of 1st period - Snap shot by Barrett Hayton.
12:26 of 1st period - Shot Misses the Net.
12:46 of 1st period - Snap shot by Sebastian Aho.
12:46 of 1st period - Stopped by Alexandar Georgiev without a rebound.
12:47 of 1st period - Sebastian Aho wins face-off versus Claude Giroux in Chicago Black Hawks zone.
13:03 of 1st period - Snap shot by Joel Eriksson Ek.
13:03 of 1st period - Shot Blocked by Lucas Raymond.
13:47 of 1st period - Snap shot by J.T. Miller.
13:47 of 1st period - Shot Misses the Net.
13:49 of 1st period - Wrist shot by Matthew Tkachuk.
13:49 of 1st period - Shot Misses the Net.
13:51 of 1st period - Slapshot by Jeremy Lauzon.
13:51 of 1st period - Shot Blocked by Bobby Brink.
13:53 of 1st period - Snap shot by J.T. Miller.
13:53 of 1st period - Goal by J.T. Miller - Calgary Flames : 1 - Chicago Black Hawks : 2.
13:54 of 1st period - Cole Sillinger wins face-off versus Bo Horvat in neutral zone.
14:03 of 1st period - Slapshot by Cale Makar.
14:03 of 1st period - Shot Blocked by Justin Faulk.
14:13 of 1st period - Bo Horvat is hit by Leo Carlsson and loses puck.
14:32 of 1st period - Snap shot by J.T. Miller.
14:32 of 1st period - Shot Blocked by Lucas Raymond.
14:44 of 1st period - Snap shot by Barrett Hayton.
14:44 of 1st period - Shot Blocked by Drew Doughty.
14:50 of 1st period - Snap shot by Zach Hyman.
14:50 of 1st period - Stopped by Alexandar Georgiev without a rebound.
14:51 of 1st period - Cole Sillinger wins face-off versus J.T. Miller in Chicago Black Hawks zone.
15:24 of 1st period - Wrist shot by Claude Giroux.
15:24 of 1st period - Stopped by Ilya Sorokin with a rebound.
15:42 of 1st period - Slapshot by Nicholas Paul.
15:42 of 1st period - Stopped by Alexandar Georgiev with a rebound.
15:44 of 1st period - Snap shot by Nicholas Paul.
15:44 of 1st period - Shot Misses the Net.
15:46 of 1st period - Slapshot by Nicholas Paul.
15:46 of 1st period - Stopped by Alexandar Georgiev with a rebound.
15:48 of 1st period - Slapshot by Jeremy Lauzon.
15:48 of 1st period - Shot Blocked by Colton Sissons.
15:50 of 1st period - Snap shot by Mathieu Joseph.
15:50 of 1st period - Deflect By Nicholas Paul.
15:50 of 1st period - Shot Misses the Net.
15:50 of 1st period - Puck is out of play.
15:51 of 1st period - J.T. Miller wins face-off versus Cole Sillinger in Chicago Black Hawks zone.
15:56 of 1st period - Wrist shot by Chris Kreider.
15:56 of 1st period - Stopped by Alexandar Georgiev with a rebound.
16:06 of 1st period - Wrist shot by J.T. Miller.
16:06 of 1st period - Shot Misses the Net.
16:28 of 1st period - Snap shot by Joel Eriksson Ek.
16:28 of 1st period - Shot Misses the Net.
16:30 of 1st period - Snap shot by Drew Doughty.
16:30 of 1st period - Deflect By Zach Hyman.
16:30 of 1st period - Shot Misses the Net.
16:30 of 1st period - Puck is out of play.
16:31 of 1st period - Bo Horvat wins face-off versus Claude Giroux in Chicago Black Hawks zone.
16:46 of 1st period - Slapshot by Pavel Zacha.
16:46 of 1st period - Stopped by Alexandar Georgiev with a rebound.
16:48 of 1st period - Slapshot by Jeremy Lauzon.
16:48 of 1st period - Shot Blocked by David Jiricek.
17:02 of 1st period - Snap shot by Zach Hyman.
17:02 of 1st period - Goal by Zach Hyman - Calgary Flames : 2 - Chicago Black Hawks : 2.
17:03 of 1st period - Cole Sillinger wins face-off versus Chris Kreider in neutral zone.
17:13 of 1st period - Wrist shot by Chris Kreider.
17:13 of 1st period - Stopped by Alexandar Georgiev with a rebound.
17:15 of 1st period - Wrist shot by J.T. Miller.
17:15 of 1st period - Shot Misses the Net.
17:17 of 1st period - Snap shot by Filip Hronek.
17:17 of 1st period - Stopped by Alexandar Georgiev with a rebound.
17:56 of 1st period - Wrist shot by Oliver Bjorkstrand.
17:56 of 1st period - Stopped by Alexandar Georgiev without a rebound.
17:57 of 1st period - Joseph Veleno wins face-off versus J.T. Miller in Chicago Black Hawks zone.
17:57 of 1st period - Joseph Veleno is hit by J.T. Miller.
18:12 of 1st period - Wrist shot by Barrett Hayton.
18:12 of 1st period - Shot Misses the Net.
18:14 of 1st period - Wrist shot by Urho Vaakanainen.
18:14 of 1st period - Shot Misses the Net.
18:16 of 1st period - Wrist shot by Bobby Brink.
18:16 of 1st period - Deflect By Chris Kreider.
18:16 of 1st period - Shot Blocked by Drew Doughty.
18:16 of 1st period - Puck is out of play.
18:17 of 1st period - Noah Cates wins face-off versus Sebastian Aho in Calgary Flames zone.
18:32 of 1st period - Wrist shot by Joel Eriksson Ek.
18:32 of 1st period - Shot Misses the Net.
18:34 of 1st period - Slapshot by Kris Letang.
18:34 of 1st period - Shot Hit the Post.
19:24 of 1st period - Off-side.
19:25 of 1st period - Claude Giroux wins face-off versus Nicholas Paul in neutral zone.
19:51 of 1st period - Claude Giroux is hit by Jeremy Lauzon and loses puck.
19:58 of 1st period - Snap shot by Oliver Bjorkstrand.
19:58 of 1st period - Deflect By Pavel Zacha.
19:58 of 1st period - Shot Misses the Net.
19:58 of 1st period - Puck is out of play.
19:59 of 1st period - Cole Sillinger wins face-off versus Sebastian Aho in Chicago Black Hawks zone.
19:59 of 1st period - Cole Sillinger is hit by Filip Hronek.
Goals for this period are 2 for Calgary Flames vs 2 for Chicago Black Hawks.
Shots for this period are 13 for Calgary Flames vs 10 for Chicago Black Hawks.
2nd period
0:01 of 2nd period - Sebastian Aho wins face-off versus Cole Sillinger in neutral zone.
0:04 of 2nd period - Snap shot by Zach Hyman.
0:04 of 2nd period - Shot Blocked by Leo Carlsson.
0:22 of 2nd period - Minor Penalty to Zach Hyman for Interference.
0:23 of 2nd period - J.T. Miller wins face-off versus Cole Sillinger in Calgary Flames zone.
0:54 of 2nd period - Snap shot by Chris Kreider.
0:54 of 2nd period - Stopped by Alexandar Georgiev without a rebound.
0:55 of 2nd period - J.T. Miller wins face-off versus Claude Giroux in Chicago Black Hawks zone.
1:06 of 2nd period - Slapshot by J.T. Miller.
1:06 of 2nd period - Stopped by Alexandar Georgiev with a rebound.
1:08 of 2nd period - Slapshot by Cale Makar.
1:08 of 2nd period - Shot Misses the Net.
1:12 of 2nd period - Slapshot by J.T. Miller.
1:12 of 2nd period - Shot Misses the Net.
1:14 of 2nd period - Slapshot by Drew Doughty.
1:14 of 2nd period - Shot Blocked by Justin Faulk.
1:44 of 2nd period - Lucas Raymond is hit by Jeremy Lauzon and loses puck.
2:01 of 2nd period - Lucas Raymond is hit by Drew Doughty and loses puck.
2:22 of 2nd period - Penalty to Zach Hyman is over, Zach Hyman is back on ice.
3:06 of 2nd period - Mathieu Joseph is hit by Noah Cates and loses puck.
3:30 of 2nd period - Icing by Barrett Hayton.
3:31 of 2nd period - Joseph Veleno wins face-off versus Sebastian Aho in Chicago Black Hawks zone.
3:31 of 2nd period - Joseph Veleno is hit by Jake Middleton.
3:39 of 2nd period - Snap shot by Barrett Hayton.
3:39 of 2nd period - Stopped by Ilya Sorokin with a rebound.
3:41 of 2nd period - Wrist shot by Barrett Hayton.
3:41 of 2nd period - Shot Blocked by Jake Middleton.
3:43 of 2nd period - Slapshot by Bobby Brink.
3:43 of 2nd period - Stopped by Ilya Sorokin without a rebound.
3:44 of 2nd period - Cole Sillinger wins face-off versus J.T. Miller in Calgary Flames zone.
4:21 of 2nd period - Slapshot by Claude Giroux.
4:21 of 2nd period - Stopped by Ilya Sorokin without a rebound.
4:22 of 2nd period - Bo Horvat wins face-off versus Jack Drury in Calgary Flames zone.
4:39 of 2nd period - Snap shot by Oliver Bjorkstrand.
4:39 of 2nd period - Deflect By Pavel Zacha.
4:39 of 2nd period - Stopped by Alexandar Georgiev without a rebound.
4:40 of 2nd period - Cole Sillinger wins face-off versus J.T. Miller in Chicago Black Hawks zone.
6:30 of 2nd period - Snap shot by Chris Kreider.
6:30 of 2nd period - Goal by Chris Kreider - Calgary Flames : 3 - Chicago Black Hawks : 2.
6:31 of 2nd period - Claude Giroux wins face-off versus J.T. Miller in neutral zone.
6:55 of 2nd period - Icing by Matthew Tkachuk.
6:56 of 2nd period - Cole Sillinger wins face-off versus Joel Eriksson Ek in Calgary Flames zone.
6:59 of 2nd period - Wrist shot by Trevor Zegras.
6:59 of 2nd period - Shot Misses the Net.
7:01 of 2nd period - Slapshot by Vincent Desharnais.
7:01 of 2nd period - Stopped by Ilya Sorokin without a rebound.
7:02 of 2nd period - Cole Sillinger wins face-off versus Sebastian Aho in Calgary Flames zone.
7:17 of 2nd period - Snap shot by Leo Carlsson.
7:17 of 2nd period - Deflect By Cole Sillinger.
7:17 of 2nd period - Stopped by Ilya Sorokin with a rebound.
7:19 of 2nd period - Snap shot by Trevor Zegras.
7:19 of 2nd period - Stopped by Ilya Sorokin without a rebound.
7:20 of 2nd period - Claude Giroux wins face-off versus Matthew Tkachuk in Calgary Flames zone.
7:28 of 2nd period - Minor Penalty to J.T. Miller for Holding.
7:29 of 2nd period - Cole Sillinger wins face-off versus Nicholas Paul in Calgary Flames zone.
7:31 of 2nd period - Snap shot by Trevor Zegras.
7:31 of 2nd period - Shot Misses the Net.
7:33 of 2nd period - Wrist shot by Leo Carlsson.
7:33 of 2nd period - Goal by Leo Carlsson - Calgary Flames : 3 - Chicago Black Hawks : 3.
7:34 of 2nd period - Claude Giroux wins face-off versus Bo Horvat in neutral zone.
7:49 of 2nd period - Wrist shot by Lucas Raymond.
7:49 of 2nd period - Shot Blocked by Drew Doughty.
7:51 of 2nd period - Snap shot by Lucas Raymond.
7:51 of 2nd period - Goal by Lucas Raymond - Calgary Flames : 3 - Chicago Black Hawks : 4.
7:52 of 2nd period - J.T. Miller wins face-off versus Claude Giroux in neutral zone.
8:03 of 2nd period - Justin Faulk beats up Jeremy Lauzon.
8:03 of 2nd period - Penalty to Justin Faulk for Fighting.
8:03 of 2nd period - Penalty to Jeremy Lauzon for Fighting.
8:04 of 2nd period - Jack Drury wins face-off versus Sebastian Aho in Chicago Black Hawks zone.
8:17 of 2nd period - Snap shot by Joel Eriksson Ek.
8:17 of 2nd period - Shot Misses the Net.
8:19 of 2nd period - Wrist shot by Zach Hyman.
8:19 of 2nd period - Shot Misses the Net.
8:31 of 2nd period - J.T. Miller is hit by Cole Sillinger and loses puck.
8:48 of 2nd period - Minor Penalty to Cole Sillinger for Interference.
8:49 of 2nd period - J.T. Miller wins face-off versus Claude Giroux in Chicago Black Hawks zone.
9:12 of 2nd period - Minor Penalty to Vincent Desharnais for Tripping.
9:13 of 2nd period - Claude Giroux wins face-off versus Pavel Zacha in Chicago Black Hawks zone.
10:48 of 2nd period - Penalty to Cole Sillinger is over, Cole Sillinger is back on ice.
10:55 of 2nd period - Icing by Kris Letang.
10:56 of 2nd period - Colton Sissons wins face-off versus Matthew Tkachuk in Calgary Flames zone.
11:12 of 2nd period - Penalty to Vincent Desharnais is over, Vincent Desharnais is back on ice.
11:30 of 2nd period - Wrist shot by Barrett Hayton.
11:30 of 2nd period - Stopped by Ilya Sorokin with a rebound.
11:32 of 2nd period - Slapshot by Simon Nemec.
11:32 of 2nd period - Stopped by Ilya Sorokin with a rebound.
11:42 of 2nd period - Caleb Jones is hit by Pavel Zacha and loses puck.
11:49 of 2nd period - Cale Makar is hit by Cole Sillinger and loses puck.
12:36 of 2nd period - Vincent Desharnais is hit by Nicholas Paul and loses puck.
12:41 of 2nd period - Wrist shot by Nicholas Paul.
12:41 of 2nd period - Stopped by Alexandar Georgiev without a rebound.
12:42 of 2nd period - Sebastian Aho wins face-off versus Cole Sillinger in Chicago Black Hawks zone.
12:45 of 2nd period - Wrist shot by Joel Eriksson Ek.
12:45 of 2nd period - Stopped by Alexandar Georgiev with a rebound.
13:02 of 2nd period - Minor Penalty to Cole Sillinger for Tripping.
13:03 of 2nd period - Penalty to Justin Faulk is over, Justin Faulk is back on ice.
13:03 of 2nd period - Claude Giroux wins face-off versus Sebastian Aho in Chicago Black Hawks zone.
13:03 of 2nd period - Claude Giroux is hit by Pavel Zacha.
13:36 of 2nd period - Wrist shot by Claude Giroux.
13:36 of 2nd period - Stopped by Ilya Sorokin with a rebound.
13:38 of 2nd period - Wrist shot by Simon Nemec.
13:38 of 2nd period - Stopped by Ilya Sorokin without a rebound.
13:39 of 2nd period - Claude Giroux wins face-off versus J.T. Miller in Calgary Flames zone.
13:50 of 2nd period - Slapshot by Chris Kreider.
13:50 of 2nd period - Stopped by Alexandar Georgiev without a rebound.
13:51 of 2nd period - Sebastian Aho wins face-off versus Claude Giroux in Chicago Black Hawks zone.
13:56 of 2nd period - Slapshot by Cale Makar.
13:56 of 2nd period - Shot Blocked by Lucas Raymond.
13:58 of 2nd period - Slapshot by Cale Makar.
13:58 of 2nd period - Stopped by Alexandar Georgiev with a rebound.
14:00 of 2nd period - Slapshot by Drew Doughty.
14:00 of 2nd period - Stopped by Alexandar Georgiev with a rebound.
14:02 of 2nd period - Snap shot by Pavel Zacha.
14:02 of 2nd period - Shot Misses the Net.
15:02 of 2nd period - Penalty to Cole Sillinger is over, Cole Sillinger is back on ice.
15:17 of 2nd period - Wrist shot by Cole Sillinger.
15:17 of 2nd period - Stopped by Ilya Sorokin with a rebound.
15:19 of 2nd period - Slapshot by David Jiricek.
15:19 of 2nd period - Shot Misses the Net.
15:21 of 2nd period - Snap shot by Caleb Jones.
15:21 of 2nd period - Stopped by Ilya Sorokin without a rebound.
15:22 of 2nd period - Bo Horvat wins face-off versus Jack Drury in Calgary Flames zone.
15:32 of 2nd period - Icing by Bo Horvat.
15:33 of 2nd period - Bo Horvat wins face-off versus Cole Sillinger in Calgary Flames zone.
15:42 of 2nd period - Backhand shot by Leo Carlsson.
15:42 of 2nd period - Stopped by Ilya Sorokin with a rebound.
16:13 of 2nd period - Justin Faulk is hit by Oliver Bjorkstrand and loses puck.
16:38 of 2nd period - Snap shot by Jack Drury.
16:38 of 2nd period - Deflect By Bo Horvat.
16:38 of 2nd period - Stopped by Ilya Sorokin without a rebound.
16:39 of 2nd period - J.T. Miller wins face-off versus Joseph Veleno in Calgary Flames zone.
16:44 of 2nd period - Slapshot by Cale Makar.
16:44 of 2nd period - Stopped by Alexandar Georgiev with a rebound.
16:50 of 2nd period - Snap shot by Matthew Tkachuk.
16:50 of 2nd period - Deflect By Chris Kreider.
16:50 of 2nd period - Stopped by Alexandar Georgiev without a rebound.
16:51 of 2nd period - Sebastian Aho wins face-off versus Joseph Veleno in Chicago Black Hawks zone.
17:12 of 2nd period - Vincent Desharnais is hit by Drew Doughty.
17:46 of 2nd period - Wrist shot by Barrett Hayton.
17:46 of 2nd period - Deflect By Joseph Veleno.
17:46 of 2nd period - Stopped by Ilya Sorokin with a rebound.
17:48 of 2nd period - Slapshot by Caleb Jones.
17:48 of 2nd period - Stopped by Ilya Sorokin with a rebound.
17:50 of 2nd period - Wrist shot by Bobby Brink.
17:50 of 2nd period - Stopped by Ilya Sorokin without a rebound.
17:51 of 2nd period - Sebastian Aho wins face-off versus Joseph Veleno in Calgary Flames zone.
18:02 of 2nd period - Snap shot by Sebastian Aho.
18:02 of 2nd period - Stopped by Alexandar Georgiev with a rebound.
19:11 of 2nd period - Snap shot by Cole Sillinger.
19:11 of 2nd period - Shot Misses the Net.
Goals for this period are 1 for Calgary Flames vs 2 for Chicago Black Hawks.
Shots for this period are 12 for Calgary Flames vs 19 for Chicago Black Hawks.
3rd period
0:01 of 3rd period - Claude Giroux wins face-off versus J.T. Miller in neutral zone.
0:26 of 3rd period - Jeremy Lauzon is hit by Cole Sillinger and loses puck.
0:35 of 3rd period - Vincent Desharnais is hit by Drew Doughty and loses puck.
1:28 of 3rd period - Jeremy Lauzon is hit by Cole Sillinger and loses puck.
1:47 of 3rd period - Barrett Hayton is hit by Jeremy Lauzon.
1:51 of 3rd period - Slapshot by Sebastian Aho.
1:51 of 3rd period - Shot Misses the Net.
2:15 of 3rd period - Off-side.
2:16 of 3rd period - Cole Sillinger wins face-off versus J.T. Miller in neutral zone.
2:23 of 3rd period - Snap shot by Leo Carlsson.
2:23 of 3rd period - Shot Misses the Net.
2:25 of 3rd period - Snap shot by Trevor Zegras.
2:25 of 3rd period - Stopped by Ilya Sorokin with a rebound.
2:27 of 3rd period - Snap shot by Simon Nemec.
2:27 of 3rd period - Deflect By Matthew Tkachuk.
2:27 of 3rd period - Stopped by Ilya Sorokin without a rebound.
2:28 of 3rd period - J.T. Miller wins face-off versus Claude Giroux in Calgary Flames zone.
2:41 of 3rd period - Snap shot by J.T. Miller.
2:41 of 3rd period - Stopped by Alexandar Georgiev with a rebound.
2:43 of 3rd period - Snap shot by Kris Letang.
2:43 of 3rd period - Deflect By Claude Giroux.
2:43 of 3rd period - Stopped by Alexandar Georgiev with a rebound.
2:45 of 3rd period - Slapshot by Kris Letang.
2:45 of 3rd period - Deflect By Chris Kreider.
2:45 of 3rd period - Stopped by Alexandar Georgiev with a rebound.
2:55 of 3rd period - Joel Eriksson Ek is hit by Leo Carlsson.
2:59 of 3rd period - Cole Sillinger is hit by Jake Middleton and loses puck.
3:06 of 3rd period - Wrist shot by Zach Hyman.
3:06 of 3rd period - Shot Misses the Net.
3:53 of 3rd period - Snap shot by Bo Horvat.
3:53 of 3rd period - Stopped by Alexandar Georgiev without a rebound.
3:54 of 3rd period - Cole Sillinger wins face-off versus J.T. Miller in Chicago Black Hawks zone.
3:54 of 3rd period - Cole Sillinger is hit by Matthew Tkachuk.
4:05 of 3rd period - Minor Penalty to Cole Sillinger for High sticking.
4:06 of 3rd period - Claude Giroux wins face-off versus Pavel Zacha in Chicago Black Hawks zone.
4:22 of 3rd period - Snap shot by Zach Hyman.
4:22 of 3rd period - Stopped by Alexandar Georgiev with a rebound.
5:38 of 3rd period - Jeremy Lauzon is hit by Trevor Zegras and loses puck.
6:05 of 3rd period - Penalty to Cole Sillinger is over, Cole Sillinger is back on ice.
6:17 of 3rd period - Slapshot by Cole Sillinger.
6:17 of 3rd period - Shot Blocked by Mathieu Joseph.
6:19 of 3rd period - Slapshot by Simon Nemec.
6:19 of 3rd period - Deflect By Nicholas Paul.
6:19 of 3rd period - Stopped by Ilya Sorokin with a rebound.
6:40 of 3rd period - Icing by Justin Faulk.
6:41 of 3rd period - Nicholas Paul wins face-off versus Bobby Brink in Chicago Black Hawks zone.
6:46 of 3rd period - Snap shot by Nicholas Paul.
6:46 of 3rd period - Shot Misses the Net.
6:48 of 3rd period - Slapshot by Jake Middleton.
6:48 of 3rd period - Deflect By Justin Faulk.
6:48 of 3rd period - Stopped by Alexandar Georgiev without a rebound.
6:49 of 3rd period - Sebastian Aho wins face-off versus Joseph Veleno in Chicago Black Hawks zone.
7:16 of 3rd period - Snap shot by Matthew Tkachuk.
7:16 of 3rd period - Shot Misses the Net.
7:42 of 3rd period - Wrist shot by Trevor Zegras.
7:42 of 3rd period - Stopped by Ilya Sorokin with a rebound.
7:48 of 3rd period - Snap shot by Cale Makar.
7:48 of 3rd period - Shot Blocked by Urho Vaakanainen.
7:50 of 3rd period - Snap shot by Oliver Bjorkstrand.
7:50 of 3rd period - Shot Blocked by Trevor Zegras.
7:56 of 3rd period - Minor Penalty to Trevor Zegras for Delaying the game.
7:57 of 3rd period - Sebastian Aho wins face-off versus Claude Giroux in Chicago Black Hawks zone.
9:56 of 3rd period - Penalty to Trevor Zegras is over, Trevor Zegras is back on ice.
9:56 of 3rd period - Sebastian Aho is hit by Justin Faulk and loses puck.
10:23 of 3rd period - Backhand shot by Claude Giroux.
10:23 of 3rd period - Stopped by Ilya Sorokin without a rebound.
10:24 of 3rd period - Bo Horvat wins face-off versus Noah Cates in Calgary Flames zone.
10:47 of 3rd period - Wrist shot by Trevor Zegras.
10:47 of 3rd period - Shot Blocked by Drew Doughty.
10:49 of 3rd period - Wrist shot by Trevor Zegras.
10:49 of 3rd period - Shot Misses the Net.
10:51 of 3rd period - Slapshot by David Jiricek.
10:51 of 3rd period - Shot Blocked by Cale Makar.
10:53 of 3rd period - Snap shot by David Jiricek.
10:53 of 3rd period - Stopped by Ilya Sorokin without a rebound.
10:54 of 3rd period - Sebastian Aho wins face-off versus Joseph Veleno in Calgary Flames zone.
10:56 of 3rd period - Icing by Kris Letang.
10:57 of 3rd period - Sebastian Aho wins face-off versus Joseph Veleno in Calgary Flames zone.
10:59 of 3rd period - Icing by Zach Hyman.
11:00 of 3rd period - Sebastian Aho wins face-off versus Joseph Veleno in Calgary Flames zone.
11:16 of 3rd period - Snap shot by Zach Hyman.
11:16 of 3rd period - Shot Misses the Net.
11:35 of 3rd period - Off-side.
11:36 of 3rd period - Claude Giroux wins face-off versus Sebastian Aho in neutral zone.
11:39 of 3rd period - Snap shot by Claude Giroux.
11:39 of 3rd period - Shot Blocked by Joel Eriksson Ek.
11:41 of 3rd period - Wrist shot by Claude Giroux.
11:41 of 3rd period - Stopped by Ilya Sorokin with a rebound.
11:47 of 3rd period - Snap shot by Claude Giroux.
11:47 of 3rd period - Stopped by Ilya Sorokin with a rebound.
11:49 of 3rd period - Slapshot by Simon Nemec.
11:49 of 3rd period - Shot Blocked by Drew Doughty.
12:14 of 3rd period - Snap shot by Bobby Brink.
12:14 of 3rd period - Stopped by Ilya Sorokin with a rebound.
12:16 of 3rd period - Slapshot by Justin Faulk.
12:16 of 3rd period - Stopped by Ilya Sorokin without a rebound.
12:17 of 3rd period - J.T. Miller wins face-off versus Claude Giroux in Calgary Flames zone.
12:19 of 3rd period - Minor Penalty to J.T. Miller for Roughing.
12:20 of 3rd period - Nicholas Paul wins face-off versus Cole Sillinger in Calgary Flames zone.
12:27 of 3rd period - Off-side.
12:28 of 3rd period - Sebastian Aho wins face-off versus Cole Sillinger in neutral zone.
13:29 of 3rd period - Wrist shot by Leo Carlsson.
13:29 of 3rd period - Shot Blocked by Drew Doughty.
14:19 of 3rd period - Penalty to J.T. Miller is over, J.T. Miller is back on ice.
14:30 of 3rd period - Simon Nemec is hit by Joel Eriksson Ek and loses puck.
15:25 of 3rd period - Caleb Jones is hit by Sebastian Aho and loses puck.
17:05 of 3rd period - Jake Middleton is hit by Urho Vaakanainen and loses puck.
18:09 of 3rd period - Jake Middleton is hit by Bobby Brink and loses puck.
19:02 of 3rd period - Slapshot by David Jiricek.
19:02 of 3rd period - Stopped by Ilya Sorokin without a rebound.
19:03 of 3rd period - Bruce Boudreau call a timeout for Calgary Flames.
19:03 of 3rd period - Colton Sissons wins face-off versus Oliver Bjorkstrand in Calgary Flames zone.
19:14 of 3rd period - David Jiricek is hit by Chris Kreider and loses puck.
19:40 of 3rd period - Calgary Flames, Ilya Sorokin is pulled from the net.
Goals for this period are 0 for Calgary Flames vs 0 for Chicago Black Hawks.
Shots for this period are 6 for Calgary Flames vs 11 for Chicago Black Hawks.
Back to the Top